3AA
YAKIMA HOPS @ BETHESDA ATOMS
09/03/2042
 
TOP OF THE 1ST
Yakima Hops batting - Pitching for Bethesda Atoms : LHP Greg Stengel
Pitching: LHP Greg Stengel
Batting: LHB Alfredo Pliego 0-0: Ball
1-0: Ball
2-0: Ball
3-0: Base on Balls
Batting: RHB Rodrigo Jiménez 0-0: Called Strike
0-1: Ball
1-1: Foul Ball, location: 2F
1-2: Ball
2-2: SINGLE (Flyball, 8RS, EV 95.6 MPH)
Alfredo Pliego to second
Batting: RHB Jorge Esparza 0-0: Called Strike
0-1: Ball
1-1: Ball
2-1: 3-RUN HOME RUN (Flyball, 7D, EV 106.2 MPH), Distance : 351 ft
Batting: RHB Tim Dickson 0-0: Ball
1-0: Foul Ball, location: 2F
1-1: Fly out, F5 (Line Drive, 5, EV 71.2 MPH)
Batting: LHB Daniel MacBrayne 0-0: Ball
1-0: Fly out, F7 (Flyball, 78M, EV 88.8 MPH)
Batting: LHB Richard Barlow 0-0: Swinging Strike
0-1: Ball
1-1: Foul Ball, location: 2F
1-2: SINGLE (Groundball, 4MD, EV 102.5 MPH)
Batting: RHB Rickey Warner 0-0: Ball
1-0: Ball
2-0: Fielders Choice at 2nd, 5-4 (Groundball, 56, EV 81.2 MPH)
Top of the 1st over - 3 runs, 3 hits, 0 errors, 1 left on base; Yakima 3 - Bethesda 0
BOTTOM OF THE 1ST
Bethesda Atoms batting - Pitching for Yakima Hops : RHP Toshinobu Nakamura
Pitching: RHP Toshinobu Nakamura
Batting: RHB Xiao-yong Chu 0-0: Called Strike
0-1: Ball
1-1: Ball
2-1: Called Strike
2-2: Strikes out swinging
Batting: LHB Vicente Torres 0-0: Ball
1-0: Bunt - Flyout to 13S! F1
Batting: LHB Seung-jae Kyong 0-0: Ball
1-0: Called Strike
1-1: Called Strike
1-2: Ball
2-2: Fly out, F5 (Line Drive, 5, EV 70.0 MPH)
Bottom of the 1st over - 0 runs, 0 hits, 0 errors, 0 left on base; Yakima 3 - Bethesda 0
TOP OF THE 2ND
Yakima Hops batting - Pitching for Bethesda Atoms : LHP Greg Stengel
Batting: LHB Damon Cross 0-0: Foul Ball, location: 2F
0-1: Ground out 3-1 (Groundball, 34, EV 80.0 MPH)
Batting: RHB Clarence Price 0-0: Ball
1-0: Ball
2-0: Ground out 6-3 (Groundball, 6, EV 83.1 MPH)
Batting: LHB Alfredo Pliego 0-0: Ball
1-0: Called Strike
1-1: Foul Ball, location: 2F
1-2: Foul Ball, location: 2F
1-2: Fly out, F9 (Flyball, 89D, EV 97.5 MPH)
Top of the 2nd over - 0 runs, 0 hits, 0 errors, 0 left on base; Yakima 3 - Bethesda 0
BOTTOM OF THE 2ND
Bethesda Atoms batting - Pitching for Yakima Hops : RHP Toshinobu Nakamura
Batting: LHB Ayub Kuthakwakulu 0-0: Ball
1-0: Ball
2-0: DOUBLE (Line Drive, 78M, EV 110.6 MPH)
Batting: RHB Byron Shadix 0-0: Ball
1-0: Foul Ball, location: 2F
1-1: SINGLE (Groundball, 6D, EV 96.9 MPH)
Ayub Kuthakwakulu to third
Runner from 3rd tries for Home, SAFE, throw by LF to home
Batting: RHB Jack Plumb 0-0: Foul Ball, location: 2F
0-1: Foul Ball, location: 2F
0-2: Foul Ball, location: 2F
0-2: Foul Ball, location: 2F
0-2: Strikes out looking
Batting: LHB Manny Medina 0-0: SINGLE (Groundball, 6MD, EV 95.6 MPH)
Byron Shadix to second
Batting: RHB Scipione Borghese 0-0: Ball
1-0: Fly out, F8 (Line Drive, 8RD, EV 90.6 MPH)
Runner from 2nd tags up, SAFE at 3rd with throw by CF
Batting: LHB Walt Davis 0-0: Called Strike
0-1: Ball
1-1: Swinging Strike
1-2: Ball
2-2: Strikes out swinging
Bottom of the 2nd over - 1 run, 3 hits, 0 errors, 2 left on base; Yakima 3 - Bethesda 1
TOP OF THE 3RD
Yakima Hops batting - Pitching for Bethesda Atoms : LHP Greg Stengel
Batting: RHB Rodrigo Jiménez 0-0: Called Strike
0-1: Ground out 1-3 (Groundball, P, EV 91.9 MPH)
Batting: RHB Jorge Esparza 0-0: Ground out 4-3 (Groundball, 4, EV 84.4 MPH)
Batting: RHB Tim Dickson 0-0: Called Strike
0-1: Ground out 5-3 (Groundball, 56S, EV 69.4 MPH)
Top of the 3rd over - 0 runs, 0 hits, 0 errors, 0 left on base; Yakima 3 - Bethesda 1
BOTTOM OF THE 3RD
Bethesda Atoms batting - Pitching for Yakima Hops : RHP Toshinobu Nakamura
Batting: RHB Xiao-yong Chu 0-0: Foul Ball, location: 2F
0-1: Ball
1-1: Ball
2-1: Ball
3-1: SINGLE (Flyball, 78M, EV 95.0 MPH)
Batting: LHB Vicente Torres 0-0: Ball
1-0: Fly out, F9 (Flyball, 9LSF, EV 87.5 MPH)
Batting: LHB Seung-jae Kyong 0-0: Called Strike
0-1: Foul Ball, location: 2F
0-2: Fly out, F8 (Line Drive, 8RD, EV 83.8 MPH)
Batting: LHB Ayub Kuthakwakulu 0-0: Called Strike
Xiao-yong Chu steals 2nd base
0-1: Hit by Pitch
Batting: RHB Byron Shadix 0-0: Foul Ball, location: 2F
0-1: Ball
1-1: Ground out 4-3 (Groundball, 4, EV 83.8 MPH)
Bottom of the 3rd over - 0 runs, 1 hit, 0 errors, 2 left on base; Yakima 3 - Bethesda 1
TOP OF THE 4TH
Yakima Hops batting - Pitching for Bethesda Atoms : LHP Greg Stengel
Batting: LHB Daniel MacBrayne 0-0: Called Strike
0-1: Fly out, F8 (Line Drive, 8RD, EV 90.0 MPH)
Batting: LHB Richard Barlow 0-0: SINGLE (Groundball, 4D, EV 106.2 MPH)
Batting: RHB Rickey Warner 0-0: Fly out, F8 (Line Drive, 8RM, EV 88.1 MPH)
Batting: LHB Damon Cross 0-0: Ball
1-0: Ground out 1-3 (Groundball, P, EV 61.9 MPH)
Top of the 4th over - 0 runs, 1 hit, 0 errors, 1 left on base; Yakima 3 - Bethesda 1
BOTTOM OF THE 4TH
Bethesda Atoms batting - Pitching for Yakima Hops : RHP Toshinobu Nakamura
Batting: RHB Jack Plumb 0-0: Foul Ball, location: 2F
0-1: Foul Ball, location: 2F
0-2: Ball
1-2: Ball
2-2: Fly out, F4 (Popup, 34S, EV 78.1 MPH)
Batting: LHB Manny Medina 0-0: Ball
1-0: Called Strike
1-1: Foul Ball, location: 2F
1-2: Ball
2-2: Foul Ball, location: 2F
2-2: Strikes out swinging
Batting: RHB Scipione Borghese 0-0: Called Strike
0-1: Called Strike
0-2: Foul Ball, location: 2F
0-2: Ball
1-2: Strikes out swinging
Bottom of the 4th over - 0 runs, 0 hits, 0 errors, 0 left on base; Yakima 3 - Bethesda 1
TOP OF THE 5TH
Yakima Hops batting - Pitching for Bethesda Atoms : LHP Greg Stengel
Batting: RHB Clarence Price 0-0: Foul Ball, location: 2F
0-1: Called Strike
0-2: Ball
1-2: Strikes out swinging
Batting: LHB Alfredo Pliego 0-0: Swinging Strike
0-1: Ball
1-1: Foul Ball, location: 2F
1-2: Fly out, F8 (Flyball, 78D, EV 99.4 MPH)
Batting: RHB Rodrigo Jiménez 0-0: Swinging Strike
0-1: Ball
1-1: Ball
2-1: Called Strike
2-2: SINGLE (Line Drive, 4MD, EV 96.2 MPH)
Batting: RHB Jorge Esparza 0-0: Ball
1-0: Ball
2-0: Ball
3-0: Called Strike
3-1: Base on Balls
Rodrigo Jiménez to second
Batting: RHB Tim Dickson 0-0: Ball
1-0: Called Strike
1-1: Foul Ball, location: 2F
1-2: Ball
2-2: Fly out, F9 (Flyball, 9D, EV 95.0 MPH)
Top of the 5th over - 0 runs, 1 hit, 0 errors, 2 left on base; Yakima 3 - Bethesda 1
BOTTOM OF THE 5TH
Bethesda Atoms batting - Pitching for Yakima Hops : RHP Toshinobu Nakamura
Batting: LHB Walt Davis 0-0: SINGLE (Flyball, 89M, EV 84.4 MPH)
Batting: RHB Xiao-yong Chu 0-0: Ball
1-0: Called Strike
1-1: Foul Ball, location: 2F
1-2: SINGLE (Groundball, 6M, EV 101.9 MPH) (infield hit)
Walt Davis to second
Batting: LHB Vicente Torres 0-0: Bunt missed!
0-1: Bunted foul
0-2: Fielders Choice at 2nd, 6-4 (Groundball, 6, EV 100.0 MPH)
Walt Davis to third
Batting: LHB Seung-jae Kyong 0-0: Called Strike
0-1: Ball
1-1: Swinging Strike
1-2: SINGLE (Line Drive, 78M, EV 85.6 MPH)
Walt Davis scores
Vicente Torres to second
Batting: LHB Ayub Kuthakwakulu 0-0: Ball
1-0: Ground out 5-3 (Groundball, 5, EV 88.8 MPH)
Vicente Torres to third
Seung-jae Kyong to second
Batting: RHB Byron Shadix 0-0: Ball
1-0: Ball
2-0: Called Strike
2-1: Ball
3-1: Base on Balls
Batting: RHB Jack Plumb 0-0: Fly out, F9 (Flyball, 89S, EV 96.9 MPH)
Bottom of the 5th over - 1 run, 3 hits, 0 errors, 3 left on base; Yakima 3 - Bethesda 2
TOP OF THE 6TH
Yakima Hops batting - Pitching for Bethesda Atoms : LHP Greg Stengel
Batting: LHB Daniel MacBrayne 0-0: Foul Ball, location: 2F
0-1: Swinging Strike
0-2: Ball
1-2: Fly out, F7 (Flyball, 7LS, EV 81.2 MPH)
Batting: LHB Richard Barlow 0-0: Fly out, F7 (Flyball, 78S, EV 86.9 MPH)
Batting: RHB Rickey Warner 0-0: Ball
1-0: Foul Ball, location: 2F
1-1: Ball
2-1: Ball
3-1: Base on Balls
Batting: LHB Damon Cross 0-0: Ball
1-0: Ball
2-0: Ball
3-0: Called Strike
3-1: Called Strike
3-2: SINGLE (Line Drive, 78S, EV 86.9 MPH)
Rickey Warner to second
Rickey Warner to third
Batting: RHB Clarence Price 0-0: Called Strike
0-1: Ball
1-1: Ball
2-1: Foul Ball, location: 2F
2-2: SINGLE (Groundball, 56D, EV 95.6 MPH)
Rickey Warner scores
Damon Cross to second
Batting: LHB Alfredo Pliego 0-0: Fly out, F8 (Line Drive, 8LD, EV 91.9 MPH)
Top of the 6th over - 1 run, 2 hits, 0 errors, 2 left on base; Yakima 4 - Bethesda 2
BOTTOM OF THE 6TH
Bethesda Atoms batting - Pitching for Yakima Hops : RHP Toshinobu Nakamura
Batting: LHB Manny Medina 0-0: Ground out 5-3 (Groundball, 56S, EV 69.4 MPH)
Batting: RHB Scipione Borghese 0-0: Swinging Strike
0-1: Ball
1-1: Ball
2-1: SINGLE (Groundball, 6MD, EV 97.5 MPH)
Batting: LHB Walt Davis 0-0: Swinging Strike
0-1: Foul Ball, location: 2F
0-2: Ground out 4-3 (Groundball, 34D, EV 99.4 MPH)
Scipione Borghese to second
Pitching: RHP Al Hensley
Batting: RHB Xiao-yong Chu 0-0: Ball
1-0: Ground out 4-3 (Groundball, 4, EV 87.5 MPH)
Bottom of the 6th over - 0 runs, 1 hit, 0 errors, 1 left on base; Yakima 4 - Bethesda 2
TOP OF THE 7TH
Yakima Hops batting - Pitching for Bethesda Atoms : LHP Greg Stengel
Batting: RHB Rodrigo Jiménez 0-0: Ball
1-0: Ground out 5-3 (Groundball, 56S, EV 66.2 MPH)
Batting: RHB Jorge Esparza 0-0: TRIPLE (Flyball, 78XD, EV 95.0 MPH)
Batting: RHB Tim Dickson 0-0: SINGLE (Line Drive, 9S, EV 110.0 MPH)
Jorge Esparza scores
Pitching: LHP Manuel Silva
Batting: LHB Daniel MacBrayne 0-0: Ball
1-0: Called Strike
1-1: Foul Ball, location: 2F
1-2: Strikes out looking
Batting: LHB Richard Barlow 0-0: Fielders Choice at 2nd, 6-4 (Groundball, 6, EV 100.0 MPH)
Top of the 7th over - 1 run, 2 hits, 0 errors, 1 left on base; Yakima 5 - Bethesda 2
BOTTOM OF THE 7TH
Bethesda Atoms batting - Pitching for Yakima Hops : RHP Al Hensley
Batting: LHB Vicente Torres 0-0: Ball
1-0: Foul Ball, location: 2F
1-1: Ball
2-1: Called Strike
2-2: Foul Ball, location: 2F
2-2: Foul Ball, location: 2F
2-2: Foul Ball, location: 2F
2-2: Strikes out swinging
Batting: LHB Seung-jae Kyong 0-0: Swinging Strike
0-1: SINGLE (Line Drive, 7S, EV 95.0 MPH)
Batting: LHB Ayub Kuthakwakulu 0-0: Called Strike
0-1: Ball
1-1: Ball
2-1: Foul Ball, location: 2F
2-2: Fly out, F8 (Line Drive, 8RM, EV 99.4 MPH)
Batting: RHB Byron Shadix 0-0: Called Strike
0-1: Swinging Strike
0-2: Strikes out swinging
Bottom of the 7th over - 0 runs, 1 hit, 0 errors, 1 left on base; Yakima 5 - Bethesda 2
TOP OF THE 8TH
Yakima Hops batting - Pitching for Bethesda Atoms : LHP Manuel Silva
Batting: RHB Rickey Warner 0-0: Ball
1-0: Foul Ball, location: 2F
1-1: Ball
2-1: Ball
3-1: Base on Balls
Batting: LHB Damon Cross 0-0: Bunted foul
0-1: Ball
1-1: Ball
Rickey Warner steals 2nd base
2-1: Bunted foul
2-2: Strikes out looking
Batting: RHB Clarence Price 0-0: Ball
1-0: Swinging Strike
1-1: Foul Ball, location: 2F
1-2: Strikes out swinging
Batting: LHB Alfredo Pliego 0-0: Called Strike
0-1: Foul Ball, location: 2F
0-2: Foul Ball, location: 2F
0-2: Foul Ball, location: 2F
0-2: Ball
1-2: Ball
2-2: Ball
3-2: SINGLE (Flyball, 9S, EV 92.5 MPH)
Rickey Warner to third
Rickey Warner scores
Batting: RHB Rodrigo Jiménez 0-0: Foul Ball, location: 2F
0-1: Called Strike
0-2: Ground out 5-3 (Groundball, 56S, EV 61.9 MPH)
Top of the 8th over - 1 run, 1 hit, 0 errors, 1 left on base; Yakima 6 - Bethesda 2
BOTTOM OF THE 8TH
Bethesda Atoms batting - Pitching for Yakima Hops : RHP Al Hensley
Batting: RHB Jack Plumb 0-0: Swinging Strike
0-1: Ball
1-1: Ball
2-1: Called Strike
2-2: Fly out, F9 (Flyball, 89S, EV 86.2 MPH)
Batting: LHB Manny Medina 0-0: Fly out, F7 (Flyball, 7D, EV 105.0 MPH)
Batting: RHB Scipione Borghese 0-0: Called Strike
0-1: Called Strike
0-2: Ball
1-2: Foul Ball, location: 2F
1-2: Ball
2-2: Foul Ball, location: 2F
2-2: Foul Ball, location: 2F
2-2: Strikes out swinging
Bottom of the 8th over - 0 runs, 0 hits, 0 errors, 0 left on base; Yakima 6 - Bethesda 2
TOP OF THE 9TH
Yakima Hops batting - Pitching for Bethesda Atoms : LHP Manuel Silva
Batting: RHB Jorge Esparza 0-0: SINGLE (Line Drive, 89S, EV 87.5 MPH)
Pitching: LHP Nicolas Alonso
Batting: RHB Tim Dickson 0-0: Ball
1-0: Called Strike
1-1: Ball
2-1: Called Strike
2-2: Ball
3-2: Base on Balls
Jorge Esparza to second
Batting: LHB Daniel MacBrayne 0-0: Foul Ball, location: 2F
0-1: 3-RUN HOME RUN (Flyball, 89XD, EV 112.5 MPH), Distance : 419 ft
Pinch Hitting: RHB Cody Scott 0-0: Ball
1-0: Ball
2-0: Ball
3-0: Called Strike
3-1: Foul Ball, location: 2F
3-2: DOUBLE (Line Drive, 5D, EV 100.6 MPH)
Pinch Hitting: RHB Tabrik Tusiev 0-0: Ball
1-0: Ground out 5-3 (Groundball, 5, EV 85.6 MPH)
Batting: LHB Damon Cross 0-0: Called Strike
0-1: Called Strike
0-2: Ball
1-2: Foul Ball, location: 2F
1-2: Strikes out swinging
Batting: RHB Clarence Price 0-0: Swinging Strike
0-1: Swinging Strike
0-2: Ball
1-2: Foul Ball, location: 2F
1-2: Strikes out swinging
Top of the 9th over - 3 runs, 3 hits, 0 errors, 1 left on base; Yakima 9 - Bethesda 2
BOTTOM OF THE 9TH
Bethesda Atoms batting - Pitching for Yakima Hops : RHP Al Hensley
Now at 2B: Cody Scott
Now in CF: Aubrey Curry
Batting: LHB Walt Davis 0-0: Ball
1-0: Called Strike
1-1: Swinging Strike
1-2: Strikes out looking
Batting: RHB Xiao-yong Chu 0-0: Called Strike
0-1: Called Strike
0-2: Ball
1-2: Ground out 6-3 (Groundball, 6S, EV 84.4 MPH)
Batting: LHB Vicente Torres 0-0: Ball
1-0: Foul Ball, location: 2F
1-1: Ball
2-1: Swinging Strike
2-2: Ball
3-2: Fly out, F3 (Popup, 3SF, EV 90.6 MPH)
Bottom of the 9th over - 0 runs, 0 hits, 0 errors, 0 left on base; Yakima 9 - Bethesda 2
Friday, March 26th, 2021 - OOTP Baseball 20.8 Build 74